 Dungeon Crawl Stone Soup version 0.28-a0-630-g0357d9c091 (webtiles) character file.

Game seed: 10471657303243607188

5 Gargoyl the Skirmisher (level 1, -1/23 HPs)
             Began as a Gnoll Abyssal Knight on Oct 9, 2021.
             Was a Follower of Lugonu.
             Slain by a sixfirhy (10 damage)
             ... led by a cacodemon
             ... on level 2 of the Abyss.
             The game lasted 00:00:28 (285 turns).

Gargoyl the Skirmisher (Gnoll Abyssal Knight)        Turns: 285, Time: 00:00:29

Health: -1/23      AC:  3    Str: 12    XL:     1   Next: 80%
Magic:  3/3        EV: 12    Int:  9    God:    Lugonu [*.....]
Gold:   16         SH:  0    Dex: 12    Spells: 0/0 levels left

rFire   . . .      SeeInvis .   a - +2 hand axe
rCold   . . .      Faith    .   (no shield)
rNeg    . . .      Spirit   .   b - +0 leather armour
rPois   .          Reflect  .   (no helmet)
rElec   .          Harm     .   (no cloak)
rCorr   .          Rampage  .   (no gloves)
Will    .....                   (no boots)
Stlth   +.........              (no amulet)
HPRegen 0.07/turn               (no ring)
MPRegen 0.08/turn               (no ring)

@: no status effects
A: fangs 1, strong nose, distributed training
a: Renounce Religion, Depart the Abyss


You were on level 2 of the Abyss.
You worshipped Lugonu.
Lugonu was aware of your devotion.
You visited 0 branches of the dungeon, and saw 0 of its levels.
You visited the Abyss 1 time.

You collected 16 gold pieces.

Inventory:

Hand Weapons
 a - a +2 hand axe (weapon)
Armour
 b - a +0 leather armour (worn)
Wands
 c - a wand of charming (9)


   Skills:
 + Level 6.4 Fighting
 + Level 0.1 Short Blades
 + Level 0.1 Long Blades
 + Level 4.4 Axes
 + Level 0.1 Maces & Flails
 + Level 0.1 Polearms
 + Level 0.1 Staves
 + Level 0.1 Slings
 + Level 0.1 Bows
 + Level 0.1 Crossbows
 + Level 0.1 Throwing
 + Level 4.4 Armour
 + Level 2.4 Dodging
 + Level 0.1 Stealth
 + Level 0.1 Shields
 + Level 0.1 Unarmed Combat
 + Level 0.1 Spellcasting
 + Level 0.1 Conjurations
 + Level 0.1 Hexes
 + Level 0.1 Summonings
 + Level 0.1 Necromancy
 + Level 0.1 Translocations
 + Level 0.1 Transmutations
 + Level 0.1 Fire Magic
 + Level 0.1 Ice Magic
 + Level 0.1 Air Magic
 + Level 0.1 Earth Magic
 + Level 0.1 Poison Magic
 + Level 4.4 Invocations
 + Level 0.1 Evocations


You couldn't memorise any spells.
You didn't know any spells.
Your spell library contained the following spells:

 Spells                   Type           Power      Damage    Failure   Level
 Blink                    Tloc           N/A        N/A       58%         2
 Lesser Beckoning         Tloc           0%         N/A       83%         3
 Manifold Assault         Tloc           0%         N/A       100%        5


Dungeon Overview and Level Annotations

Branches:
Dungeon (0/15)

Altars:


Innate Abilities, Weirdness & Mutations

You have very sharp teeth.
Your uncanny sense of smell can sniff out nearby items.
Your experience applies equally to all skills.


Message History

As you read the scroll labelled WIPE PYHET, it crumbles to dust.
It was a scroll of blinking.
An ufetubus comes into view.
The ufetubus shouts!
The ufetubus hits you but does no damage.
The ufetubus hits you.
You slash the ufetubus!
You kill the ufetubus!
Unknown command.
Unknown command.
HP restored.
There is a corrupted altar of Lugonu here.
Found a gateway leading deeper into the Abyss.
There is a gateway leading deeper into the Abyss here.
You plunge deeper into the Abyss.
Found a jewelled bone wand and 13 gold pieces.
You aren't carrying any scrolls.
Found a hand axe.
Found 33 sling bullets.
c - a wand of charming (10)
A rust devil comes into view.
Aiming: Charm
Press: ? - help, Shift-Dir - straight line, f - rust devil
Aim: a rust devil (chance to affect: 15%)
The rust devil is charmed.
A sixfirhy comes into view.
Found a gateway leading deeper into the Abyss.
What are your orders? t - Bark!
Orders for allies: a - Attack new target. p - Attack previous target. r - Retreat! s - Stop attacking. g - Guard the area. f - Follow me.
Anything else - Cancel.
Gang up on whom?
Press: ? - help, Dir - move target, f - sixfirhy, p - rust devil
Aim: a sixfirhy Attack!
The sixfirhy hits you. The sixfirhy shocks you!
Ouch! That really hurt!
The sixfirhy hits you!
You die...

.. #.# .# # # ...# .
.# #.# #...#
#..###.###....#
#.#..#.........# .
.........#.....##..
...#....#...#.#.)..>
...........#.....#.#
#. ..#.......@....#
.#..#.#...#.#.#3..#..#
.........#........#
##.#...#.....#(...#
#.........#....#..#
#.....#....#.......#
#......4#.........#..
##..#.#..#...#......##
#.. ..... . .#......


You could see a sixfirhy (ally target) and a friendly rust devil (charmed).

Vanquished Creatures
  An ufetubus (Abyss:1)
1 creature vanquished.

Notes
Turn   | Place    | Note
-------+----------+-------------------------------------------
     0 | Abyss:1  | Gargoyl the Gnoll Abyssal Knight began the quest for the
                  | Orb.
     0 | Abyss:1  | Reached XP level 1. HP: 23/23 MP: 3/3
   205 | Abyss:1  | Found a corrupted altar of Lugonu.
   275 | Abyss:2  | Noticed a rust devil
   279 | Abyss:2  | Noticed a sixfirhy
   285 | Abyss:2  | Slain by a sixfirhy

Illustrated notes

Levels and vault maps discovered:
Abyss:2:  base:
Temple

Action                   || total
-------------------------++-------
Melee: Hand axe          ||     1
Evoke: Wand              ||     1
  Use: Scroll            ||     2
Armor: Leather armour    ||     1

Table legend: (Time is in decaauts)
 A = Elapsed time spent in this place.
 B = Non-inter-level travel time spent in this place.
 C = Inter-level travel time spent in this place.
 D = Time resting spent in this place.
 E = Time spent auto-exploring this place.
 F = Levels seen in this place.
 G = Mean time per level.
                   A        B        C        D        E       F      G
               +--------+--------+--------+--------+--------+-----+--------+
         Total |    284 |    284 |      0 |      0 |    242 |   2 |  142.0 |
         Abyss |    284 |    284 |      0 |      0 |    242 |   2 |  142.0 |
               +--------+--------+--------+--------+--------+-----+--------+

Top non-repeatable levels by time:
 Abyss:1: 253 daAuts
 Abyss:2: 31 daAuts
